AoeStats
← MrGenius

Arabia

505839802Analyzed
1v1 RM · 21d ago on Sep 11, 2026· 25m 40s· 2 players
Game mode
Random Map
Map size
Tiny (2 player)
Population
200
Speed
Normal
Resources
Standard
Victory
Conquest
Starting age
Dark Age
Ending age
Imperial Age
RankedLock teamsTeams togetherTeam positionsShared explorationLock speedFull tech treeHidden civsTurbo modeCheats
Victory
Defeat
🇦🇺 Cumans · Australia
910
+45
🇹🇷 Franks · Türkiye
900
-45
Nerona Imu
10:43 Feudal Age
16:43 Forging
21:04 Man-at-Arms
25:39 Scale Barding Armor
MrGenius
3:05 Loom
11:20 Feudal Age
12:30 Man-at-Arms
16:11 Horse Collar
16:31 Double-Bit Axe
20:10 Wheelbarrow
20:49 Scale Mail Armor
23:20 Forging
23:15 Scale Barding Armor
23:39 Town Watch
25:38 Padded Archer Armor
25:29 Fletching
Connection lost

Rejoining the realm…

Still unreachable

The connection could not be restored.

Session expired

The server has moved on; the page needs a fresh start.